Selects Australian Defense Battlegroup
Selects Australian Light Infantry Section
Australian Light Infantry Section
Australian Light Infantry Section
Construct Section Command Post
Selects 2-pounder Anti-tank Gun Team
2-pounder Anti-tank Gun Team
Construct Field Infirmary
2-pounder Anti-tank Gun Team
Australian Light Infantry Section
2-pounder Anti-tank Gun Team
Construct Platoon Command Post